 Dungeon Crawl Stone Soup version 0.30-a0-782-ge64f9170bb (webtiles) character file.

Game seed: 10994422424161040540

2327 2tousent the Changer (level 9, -2/162 HPs)
             Began as a White Draconian Transmuter on Feb 18, 2023.
             Was a Follower of Uskayaw.
             Slain by a killer bee (5 damage)
             ... on level 7 of the Dungeon.
             The game lasted 00:15:38 (7691 turns).

2tousent the Changer (White Draconian Transmuter)   Turns: 7691, Time: 00:15:39

Health: -2/162     AC: 24    Str: 11 (14) XL:     9   Next: 19%
Magic:  7/14       EV:  2    Int: 18 (20) God:    Uskayaw [*.....]
Gold:   351        SH:  0    Dex: 12 (14) Spells: 2/15 levels left

rFire   . . .      SeeInvis .      - Unarmed
rCold   + + .      Faith    .    (no shield)
rNeg    . . .      Spirit   .    (body armour unavailable)
rPois   +          Reflect  .    (helmet currently unavailable)
rElec   +          Harm     .    (cloak currently unavailable)
rCorr   .          Rampage  .    (gloves currently unavailable)
Will    +....      NoTele   +    (boots currently unavailable) Stlth
                                 (no amulet)
HPRegen 0.47/turn                q - ring of protection from cold
MPRegen 0.14/turn                t - ring "Umiluaky" {rElec rC+ Will+ Int+6}

@: berserking, tree-form, wereblooded, invisible, very quick
A: stationary, stasis, torment immunity, boosted hp, (breathe frost), AC +7,
unfitting armour, (cold resistance 1), (cold-blooded)
a: Renounce Religion, Stomp


You were on level 7 of the Dungeon.
You worshipped Uskayaw.
Uskayaw was noncommittal.
You were a tree.
You visited 1 branch of the dungeon, and saw 7 of its levels.

You collected 351 gold pieces.

Inventory:

Missiles
 s - a throwing net
Armour
 n - a +0 cloak (melded)
 p - the +1 Delatra's gloves (melded) {ID++}
   (You found it on level 5 of the Dungeon)

   ID++:      It heals its wearer when they drink unknown potions, and restores
   their MP when they read unknown scrolls.
Jewellery
 o - an amulet of reflection
 q - a ring of protection from cold (left branch)
 t - the ring "Umiluaky" (right branch) {rElec rC+ Will+ Int+6}
   (You found it on level 4 of the Dungeon)

   [ring of intelligence]

   Int:       It affects your intelligence (+6).
   rC:        It protects you from cold.
   rElec:     It insulates you from electricity.
   Will:      It increases your willpower.
 z - the ring of Fixation {rPois rF+ rN+ Will+ Dex-3}
   (You took it off a wight on level 7 of the Dungeon)

   [ring of protection from fire]

   Dex:       It affects your dexterity (-3).
   rF:        It protects you from fire.
   rPois:     It protects you from poison.
   rN:        It protects you from negative energy.
   Will:      It increases your willpower.
Wands
 f - a wand of digging (4)
 r - a wand of mindburst (9)
Scrolls
 h - a scroll of noise {unknown}
 i - 2 scrolls of poison {unknown}
 j - a scroll of teleportation
 u - a scroll of brand weapon {unknown}
 v - 5 scrolls of identify
 w - a scroll of vulnerability {unknown}
 x - 2 scrolls of amnesia
 y - a scroll of fog
Potions
 a - 4 potions of lignification
 b - 2 potions of might
 d - a potion of curing
 l - a potion of haste {unknown}
 m - 2 potions of attraction {unknown}


   Skills:
 + Level 4.7 Fighting
 + Level 3.5 Dodging
 - Level 6.0 Unarmed Combat
 * Level 3.5 Spellcasting
 + Level 6.9 Transmutations
 - Level 6.0 Ice Magic
 - Level 3.0 Poison Magic


You had 2 spell levels left.
You knew the following spells:

 Your Spells              Type           Power      Damage    Failure   Level
a - Beastly Appendage     Tmut           56%        N/A       1%          1
b - Wereblood             Tmut           28%        N/A       1%          2
c - Spider Form           Tmut/Pois      21%        N/A       6%          3
d - Ice Form              Ice/Tmut       26%        N/A       11%         4
e - Frozen Ramparts       Ice            48%        1d8       4%          3

Your spell library contained the following spells:

 Spells                   Type           Power      Damage    Failure   Level
 Apportation              Tloc           6%         N/A       16%         1
 Summon Ice Beast         Ice/Summ       14%        N/A       41%         4
 Alistair's Intoxication  Tmut/Pois      14%        N/A       50%         5


Dungeon Overview and Level Annotations

Branches:
Dungeon (7/15)             Temple (0/1) D:6

Altars:
Makhleb
Nemelex Xobeh
Qazlal
Uskayaw
Xom

Shops:
D:6 :

Annotations:
D:5 3 runed translucent doors, mopl's ghost, novice DjTm; theswoord's ghost, novice NaHu


Innate Abilities, Weirdness & Mutations

You are a tree.
Your roots penetrate the ground, keeping you stationary.
You cannot be teleported.
You are immune to unholy pain and torment.
Your maximum health is greatly increased.
Your equipment is partially melded.
((You can breathe waves of freezing cold which knock back foes.))
((Your icy white scales are hard. (AC +7)))
You cannot fit into any form of body armour.
((Your flesh is cold resistant. (rC+)))
((You are cold-blooded and may be slowed by cold attacks.))


Message History

You smack the killer bee!
The killer bee is almost dead.
The killer bee barely misses you. x2
The killer bee stings you but does no damage. x2
The killer bee barely misses you.
The killer bee stings you but does no damage. x2
The killer bee stings you.
* * * LOW HITPOINT WARNING * * *
You can now stomp with the beat.
You barely miss the killer bee.
The killer bee is almost dead.
The killer bee stings you but does no damage. x8
You barely miss the killer bee.
The killer bee is almost dead.
The killer bee stings you.
* * * LOW HITPOINT WARNING * * *
The killer bee stings you but does no damage. x2
The killer bee stings you.
* * * LOW HITPOINT WARNING * * *
The killer bee stings you but does no damage.
The killer bee stings you.
* * * LOW HITPOINT WARNING * * *
The killer bee stings you but does no damage.
You feel better.
The killer bee stings you but does no damage.
The killer bee stings you.
* * * LOW HITPOINT WARNING * * *
The killer bee stings you but does no damage. x3
The killer bee stings you.
* * * LOW HITPOINT WARNING * * *
The killer bee stings you.
* * * LOW HITPOINT WARNING * * *
The killer bee stings you but does no damage.
It was a potion of berserk rage.
A red film seems to cover your vision as you go berserk!
You feel yourself moving faster!
You feel mighty! The killer bee stings you!
* * * LOW HITPOINT WARNING * * *
The killer bee stings you but does no damage. x5
The killer bee stings you.
You die...

#...........#..#......##
##...#......####.#.....#
##.###....## ###......
### ##...## ##......
#######..#####.......
###... ##..#(..........
##.....##...............
...............##.......
......y♣y########......#
#.#.#.yy## ##.......
###.. #.....#.. ##..
#.....#.. ... #.....##.
.... #.....###
......##......##
................
.≈≈~~....#.


You could see 4 killer bees.

Vanquished Creatures
  Pikel (D:5)
  Menkaure (D:7)
  A sky beast (D:7)
  A water moccasin (D:7)
  A black bear (D:6)
  An ogre (D:5)
  A centaur (D:5)
  A gnoll sergeant (D:6)
  A necrophage (D:5)
  2 scorpions (D:5)
  8 wights
  A hound (D:6)
  Crazy Yiuf (D:2)
  2 jellies (D:7)
  4 iguanas
  6 orc wizards
  9 gnolls
  3 adders
  A white imp (D:7)
  An ufetubus (D:6)
  6 worms
  7 dart slugs
  20 orcs
  8 endoplasms
  4 giant cockroaches
  6 goblins
  6 hobgoblins
  11 jackals
  A quokka (D:4)
  9 ball pythons
  3 bats
  A frilled lizard (D:1)
  12 kobolds
  A rat (D:1)
142 creatures vanquished.

Vanquished Creatures (others)
  3 plants (D:6)
3 creatures vanquished.

Grand Total: 145 creatures vanquished

Notes
Turn   | Place    | Note
-------+----------+-------------------------------------------
     0 | D:1      | 2tousent the Draconian Transmuter began the quest for the
                  | Orb.
     0 | D:1      | Reached XP level 1. HP: 16/16 MP: 3/3
    64 | D:1      | Reached XP level 2. HP: 12/23 MP: 5/5
   391 | D:1      | Found a faded altar of an unknown god.
   401 | D:1      | Reached XP level 3. HP: 26/28 MP: 4/6
   500 | D:1      | You fall into a shaft and drop 1 floor!
   633 | D:2      | Learned a level 2 spell: Wereblood
   637 | D:2      | Learned a level 3 spell: Spider Form
   706 | D:2      | Found a runed translucent door.
   707 | D:2      | Noticed Crazy Yiuf
  1418 | D:2      | Reached XP level 4. HP: 35/35 MP: 5/7
  2133 | D:2      | Killed Crazy Yiuf
  2134 | D:2      | Reached skill level 1 in Poison Magic
  2273 | D:3      | Found a hide-covered altar of Uskayaw.
  2353 | D:3      | Became a worshipper of Uskayaw the Reveller
  2415 | D:3      | Reached * piety under Uskayaw
  2468 | D:3      | Found a stormy altar of Qazlal.
  2777 | D:3      | Reached ** piety under Uskayaw
  3167 | D:4      | Found a shimmering altar of Xom.
  3228 | D:4      | Reached XP level 5. HP: 37/41 MP: 6/8
  3469 | D:4      | Reached skill level 5 in Unarmed Combat
  3988 | D:4      | Identified the ring "Umiluaky" {rElec rC+ Will+ Int+6}
  4279 | D:5      | Entered Level 5 of the Dungeon
  4279 | D:5      | Noticed a lemure
  4367 | D:5      | Reached XP level 6. HP: 49/49 MP: 2/9
  4453 | D:5      | Noticed Pikel
  4469 | D:5      | Killed Pikel
  4470 | D:5      | Reached skill level 5 in Transmutations
  4470 | D:5      | Your scales start taking on an icy white colour.
  4470 | D:5      | Reached XP level 7. HP: 15/57 MP: 7/10
  4470 | D:5      | Gained mutation: Your flesh is cold resistant. (rC+) [White
                  | Draconian growth]
  4622 | D:5      | Learned a level 4 spell: Ice Form
  5097 | D:5      | Reached XP level 8. HP: 63/63 MP: 7/11
  5464 | D:5      | Found a runed translucent gate.
  5464 | D:5      | Found a runed translucent gate.
  5465 | D:5      | Found a runed translucent gate.
  5467 | D:5      | Noticed mopl's ghost (novice DjTm)
  5467 | D:5      | Noticed theswoord's ghost (novice NaHu)
  5467 | D:5      | Found the +1 Delatra's gloves {ID++}
  5513 | D:6      | Found Yrool's Book Emporium.
  5577 | D:6      | Found a burning altar of Makhleb.
  5597 | D:6      | Found a staircase to the Ecumenical Temple.
  5682 | D:6      | Reached *** piety under Uskayaw
  5690 | D:6      | Reached **** piety under Uskayaw
  5702 | D:6      | Reached skill level 5 in Ice Magic
  6636 | D:6      | Found a sparkling altar of Nemelex Xobeh.
  6930 | D:7      | Noticed Menkaure
  6948 | D:7      | Killed Menkaure
  7116 | D:7      | Reached XP level 9. HP: 72/72 MP: 8/13
  7245 | D:7      | Identified the ring of Fixation {rPois rF+ rN+ Will+ Dex-3}
  7315 | D:7      | Learned a level 3 spell: Frozen Ramparts
  7526 | D:7      | Noticed a cyan ugly thing
  7689 | D:7      | HP: 5/108 [killer bee (1)]
  7691 | D:7      | Slain by a killer bee

Illustrated notes

Levels and vault maps discovered:
D:1:      mrwooster_arrival_statue_3, layout_rooms,
          hellmonk_ecumenical_altar_arch_garden
D:2:      layout_basic, st_stairs_7, dk_noncrumbling_4, interstate_on_off,
          uniq_crazy_yiuf_cottage
D:3:      layout_loops_ring, overflow_temple_1_default, lemuel_crystal_altar,
          minmay_misc_feat_ornament
D:4:      layout_gridville, mainiacjoe_overflow_cross_hatched
D:5:      layout_loops_ring, gammafunk_ghost_cemetery, uniq_pikel
D:6:      corexii_shack_village, layout_cave_pools,
          nemelex_diamond_rough_becter, lemuel_round_altar, temple_statues,
          serial_shops, nicolae_stop_n_shop_1, nicolae_elevator_lobby_plus
D:7:      layout_cave_pools, nicolae_water_bricks,
          chequers_serial_rivers_room_b, minivault_14, uniq_prince_ribbit1,
          uniq_menkaure

Skill      XL: |  1  2  3  4  5  6  7  8  9 |
---------------+----------------------------+-----
Unarmed Combat | 4 5 6 |  6.0
Poison Magic   | 1 2 3 |  3.0
Fighting       | 2 3 4 |  4.7
Transmutations | 3 5 6 |  6.9
Ice Magic      | 3 6 |  6.0
Dodging        | 3 |  3.5
Spellcasting   | 3 |  3.5

Action                     |  1- 3 |  4- 6 |  7- 9 || total
---------------------------+-------+-------+-------++-------
  Melee: Unarmed           |    89 |   133 |   217 ||   439
         Kick              |    10 |     6 |     7 ||    23
         Tailslap          |     4 |    11 |    12 ||    27
         Headbutt          |     4 |     3 |     6 ||    13
         Punch             |       |     2 |     2 ||     4
   Cast: Beastly Appendage |     8 |     8 |     3 ||    19
         Spider Form       |     3 |     9 |    12 ||    24
         Ice Form          |       |       |     5 ||     5
         Wereblood         |       |       |     1 ||     1
         Frozen Ramparts   |       |       |     1 ||     1
 Invoke: Stomp             |       |       |     7 ||     7
Ability: Breathe Frost     |       |       |     3 ||     3
    Use: Scroll            |       |     8 |       ||     8
         Potion            |       |     1 |     8 ||     9
   Stab: Sleeping          |     2 |     2 |       ||     4
         Paralysed         |       |       |     4 ||     4
 Armour: Skin              |    20 |    39 |   106 ||   165
  Dodge: Dodged            |    57 |    98 |   156 ||   311

Table legend: (Time is in decaauts)
 A = Elapsed time spent in this place.
 B = Non-inter-level travel time spent in this place.
 C = Inter-level travel time spent in this place.
 D = Time resting spent in this place.
 E = Time spent auto-exploring this place.
 F = Levels seen in this place.
 G = Mean time per level.
                   A        B        C        D        E       F      G
               +--------+--------+--------+--------+--------+-----+--------+
         Total |   7649 |   7309 |    340 |    322 |   5958 |   7 | 1092.7 |
       Dungeon |   7649 |   7309 |    340 |    322 |   5958 |   7 | 1092.7 |
               +--------+--------+--------+--------+--------+-----+--------+

Top non-repeatable levels by time:
     D:2: 1657 daAuts
     D:6: 1283 daAuts
     D:4: 1201 daAuts
     D:5: 1192 daAuts
     D:7: 874 daAuts
     D:3: 833 daAuts
     D:1: 608 daAuts
